 Dungeon Crawl Stone Soup version 0.31-a0-968-g24f9ace8b5 (webtiles) character file.

Game seed: 6168915645403237408

101 Maxmaps the Changeling (level 4, -6/42 HPs)
             Began as an Octopode Shapeshifter on Oct 28, 2023.
             Killed by divine providence
             ... invoked by an orc priest
              (13 damage)
             ... on level 3 of the Dungeon.
             The game lasted 00:01:33 (2101 turns).

Maxmaps the Changeling (Octopode Shapeshifter)      Turns: 2101, Time: 00:01:33

Health: -6/42      AC: 22    Str: 13    XL:     4   Next: 75%
Magic:  4/4        EV:  2    Int: 14    God:
Gold:   109        SH:  0    Dex: 11    Spells: 3/3 levels left

rFire   . .          .
                       - Unarmed
rCold   . . .        (no shield)
rNeg    . . .        (helmet currently unavailable)
rPois   +            (no amulet)
rElec   .            (no ring)
rCorr   .            (no ring)
SInv    .            (no ring)
Will    .....        (no ring)
Stlth   +            (no ring)
HPRegen 0.27/turn    (no ring)
MPRegen 0.09/turn    (no ring)
                     (no ring)

%: no passive effects
@: tree-form
A: stationary, stasis, torment immunity, boosted hp, almost no armour,
(amphibious), 8 rings, (camouflage 1), (gelatinous body 1), (nimble swimmer 1),
(tentacles)
a: no special abilities


You were on level 3 of the Dungeon.
You were a tree.
You visited 1 branch of the dungeon, and saw 3 of its levels.

You collected 109 gold pieces.

Inventory:

Hand Weapons
 d - a +0 dagger of venom
Jewellery
 n - a +6 ring of strength
Talismans
 b - a beast talisman
 c - a flux talisman
Scrolls
 e - a scroll of vulnerability {unknown}
 f - 3 scrolls of enchant armour {unknown}
 g - 2 scrolls of enchant weapon {unknown}
 h - 2 scrolls of identify {unknown}
 i - a scroll of butterflies {unknown}
 k - a scroll of revelation {unknown}
 l - a scroll of noise {unknown}
 o - a scroll of teleportation {unknown}
Potions
 a - a potion of lignification
 j - a potion of cancellation {unknown}
 m - a potion of ambrosia {unknown}
 p - a potion of curing {unknown}


   Skills:
 - Level 1.0 Fighting
 - Level 2.0 Dodging
 - Level 3.0 Unarmed Combat
 + Level 5.0 Shapeshifting


You had 3 spell levels left.
You didn't know any spells.
Your spell library contained the following spells:

 Spells                   Type           Power      Damage    Failure   Level
 Call Canine Familiar     Summ           0%         N/A       65%         3
 Sigil of Binding         Hex            0%         N/A       65%         3
 Dimensional Bullseye     Hex/Tloc       0%         N/A       96%         4
 Leda's Liquefaction      Hex/Erth       0%         N/A       96%         4


Dungeon Overview and Level Annotations

Branches:
Dungeon (3/15)

Altars:
The Shining One

Shops:
D:1 =


Innate Abilities, Weirdness & Mutations

You are a tree.
Your roots penetrate the ground, keeping you stationary.
You cannot be teleported.
You are immune to unholy pain and torment.
Your maximum health is greatly increased.
You cannot wear most types of armour.
((You are amphibious.))
You can wear up to eight rings at the same time.
((Your skin changes colour to match your surroundings (Stealth+).))
((Your rubbery body absorbs attacks. (AC +1, EV +1)))
((You are camouflaged when in or above water. (Stealth+)))
((You have tentacles for arms and can constrict up to eight enemies at once.))


Message History

You are too injured to fight recklessly!
You are too injured to fight recklessly!
You are too injured to fight recklessly!
You are too injured to fight recklessly!
You are too injured to fight recklessly!
You are too injured to fight recklessly!
You are too injured to fight recklessly!
You are too injured to fight recklessly!
Unknown command.
Your transformation has ended.
You turn into a tree.
Your roots penetrate the ground.
You lose your grip on the orc priest.
The orc hits you but does no damage. x2
The orc priest hits you but does no damage.
You hit the orc priest.
The orc priest is severely wounded.
The orc hits you with a +0 club.
* * * LOW HITPOINT WARNING * * *
The orc priest hits you but does no damage.
The orc hits you but does no damage.
You hit the orc priest but do no damage.
The orc priest is severely wounded.
The orc hits you but does no damage.
The orc priest hits you but does no damage.
The orc hits you but does no damage.
You hit the orc priest but do no damage.
The orc priest is severely wounded.
The orc hits you but does no damage.
The orc priest casts a cantrip, but nothing happens.
The orc hits you but does no damage.
You barely miss the orc priest.
The orc priest is severely wounded.
The orc hits you but does no damage.
The orc priest hits you but does no damage.
The orc hits you but does no damage.
You hit the orc priest but do no damage.
The orc priest is severely wounded.
The orc hits you but does no damage.
The orc priest invokes the aid of Beogh against you.
Beogh smites you!
You die...

#.#####....<.#
#.....#.##.........#
..................#
....#.#.###......#
...#.......##.###
..#.#.######.#### ####
#.#.# #.......#
.....##.#o#.###.##.##.##
#....♣o....#.##.##..##
########.#o....#.##...[#.#
#...####.#.....#.##...###.
#........#.....#.##.##.#.#
#...######.....#........##
##.## #########.##### #.#
#.# #.# ########### #.#
#.# #.........# #.#


You could see an orc priest and 2 orcs.

Vanquished Creatures
  5 adders (D:2)
  3 dart slugs (D:1)
  A ball python (D:1)
  5 bats
  3 endoplasms (D:1)
  4 goblins
  3 hobgoblins
  7 jackals (D:1)
  2 quokkas
  A frilled lizard (D:1)
  9 kobolds
  6 rats
49 creatures vanquished.

Notes
Turn   | Place    | Note
-------+----------+-------------------------------------------
     0 | D:1      | Maxmaps the Octopode Shapeshifter began the quest for the
                  | Orb.
     0 | D:1      | Reached XP level 1. HP: 13/13 MP: 1/1
    82 | D:1      | Reached XP level 2. HP: 13/18 MP: 2/2
   353 | D:1      | Reached XP level 3. HP: 19/23 MP: 3/3
   365 | D:1      | Reached skill level 4 in Shapeshifting
   669 | D:1      | Found Iwyatwig's Jewellery Shop.
  1076 | D:2      | Reached XP level 4. HP: 28/28 MP: 4/4
  1415 | D:2      | Found a glowing golden altar of the Shining One.
  1525 | D:2      | Reached skill level 5 in Shapeshifting
  2101 | D:3      | Killed from afar by an orc priest

Illustrated notes

Levels and vault maps discovered:
D:1:      denvon_arrival_planthouse, layout_loops_ring, serial_shops,
          nicolae_shop_tiny_real_fake_doors
D:2:      minmay_inner_zag, layout_basic, basic_altar, kennysheep_generic_room_8
D:3:      layout_loops_cross, minmay_misc_feat_more_columns,
          chequers_serial_rivers_micro_d

Skill      XL: |  1  2  3  4 |
---------------+-------------+-----
Shapeshifting  | 4 5 |  5.0
Fighting       | |  1.0
Dodging        | |  2.0
Unarmed Combat | |  3.0

Action                     |  1- 3 |  4- 6 || total
---------------------------+-------+-------++-------
  Melee: Unarmed           |    67 |    38 ||   105
         Constrict         |    21 |    10 ||    31
         Tentacles         |    22 |     7 ||    29
    Use: Potion            |       |     2 ||     2
   Stab: Sleeping          |     5 |     1 ||     6
 Armour: Skin              |    28 |    28 ||    56
  Dodge: Dodged            |    44 |    15 ||    59

Table legend: (Time is in decaauts)
 A = Elapsed time spent in this place.
 B = Non-inter-level travel time spent in this place.
 C = Inter-level travel time spent in this place.
 D = Time resting spent in this place.
 E = Time spent auto-exploring this place.
 F = Levels seen in this place.
 G = Mean time per level.
                   A        B        C        D        E       F      G
               +--------+--------+--------+--------+--------+-----+--------+
         Total |   2094 |   2024 |     70 |     12 |   1727 |   3 |  698.0 |
       Dungeon |   2094 |   2024 |     70 |     12 |   1727 |   3 |  698.0 |
               +--------+--------+--------+--------+--------+-----+--------+

Top non-repeatable levels by time:
     D:2: 939 daAuts
     D:1: 913 daAuts
     D:3: 241 daAuts
